 Dungeon Sprint DCSS version 0.21-a0-417-g0adc95b (webtiles) character file.

186 Kidiri the Insei (level 5, -2/87 (90) HPs)
             Began as a Draconian Transmuter on Nov 3, 2017.
             Was a Believer of Wu Jian.
             Slain by a merfolk
             ... wielding a +0 trident
              (21 damage)
             ... in the Dungeon (Sprint V: "Ziggurat Sprint").
             The game lasted 00:02:42 (527 turns).

Kidiri the Insei (Draconian Transmuter)              Turns: 527, Time: 00:02:42

HP:   -2/87 (90)    AC:  5    Str: 23    XL:     5   Next: 38%
MP:   4/10          EV: 12    Int: 14    God:    Wu Jian [**....]
Gold: 0             SH:  0    Dex: 18    Spells: 1/11 levels left

rFire    x . .     SeeInvis .     - Unarmed
rCold    + + +     Gourm    .   (shield currently unavailable)
rNeg     . . .     Faith    .   (armour unavailable)
rPois    +         Spirit   .   (helmet currently unavailable)
rElec    .         Reflect  .   (cloak currently unavailable)
rCorr    .         Harm     .   (gloves currently unavailable)
MR       .....     NoTele   +   (boots currently unavailable)
Stlth    ..........             (no amulet)
HPRegen  0.24/turn              z - +6 ring of dexterity
MPRegen  0.12/turn              D - +6 ring of strength

@: berserking, ice-form, very quick
A: unfitting armour, AC +5
a: End Transformation, Renounce Religion


You were in the Dungeon.
You worshipped Wu Jian.
Wu Jian was pleased with you.
You were not hungry.
You were a creature of crystalline ice.
You visited 1 branch

Inventory:

Missiles
 a - 7 arrows
Armour
 y - the +18 shield of the Gong {rElec rN+ MR+ EV-5}
   (You found it in the Dungeon)

   It affects your evasion (-5).
   It insulates you from electricity.
   It protects you from negative energy.
   It affects your resistance to hostile enchantments.
 J - a +3 buckler
 K - a +3 large shield
 L - a +3 shield
Jewellery
 m - the ring "Sauzoyss" {Ice rElec}
   (You found it in the Dungeon)

   [ring of ice]

   It enhances your ice magic.
   It makes you vulnerable to fire.
   It protects you from cold.
   It insulates you from electricity.
 z - a +6 ring of dexterity (left front paw)
 A - a +6 ring of dexterity
 D - a +6 ring of strength (right front paw)
 E - a +6 ring of strength
Wands
 F - a wand of disintegration (7/24)
 G - a wand of iceblast (5/15)
 H - a wand of lightning (5/15)
 I - a wand of acid (5/15)
Scrolls
 i - 4 scrolls of blinking
 p - 4 scrolls of amnesia
 q - 3 scrolls of recharging
 r - 7 scrolls of fog
 s - a scroll of holy word
 t - 5 scrolls of identify
 u - 5 scrolls of remove curse
 v - 2 scrolls of fear
Potions
 d - 10 potions of curing
 e - 10 potions of heal wounds
 f - 6 potions of haste
 g - 7 potions of magic
 h - 2 potions of berserk rage
 j - 2 potions of brilliance
 k - 2 potions of invisibility
 l - 4 potions of resistance
 n - 5 potions of agility
 o - 5 potions of might
Books
 b - a book of Changes

   Spells                             Type                      Level
   a - Beastly Appendage              Transmutation                1
   b - Sticks to Snakes               Transmutation                2
   c - Spider Form                    Transmutation/Poison         3
   d - Ice Form                       Ice/Transmutation            4
   e - Blade Hands                    Transmutation                5
 C - a book of the Earth

   Spells                             Type                      Level
   a - Leda's Liquefaction            Hexes/Earth                  4
   b - Bolt of Magma                  Conjuration/Fire/Earth       5
   c - Statue Form                    Transmutation/Earth          6
   d - Iron Shot                      Conjuration/Earth            6
   e - Shatter                        Earth                        9
Comestibles
 c - 5 bread rations
 w - 42 fruits
 x - 4 meat rations


   Skills:
 * Level 5.9 Fighting
 + Level 3.8 Dodging
 + Level 3.4 Stealth
 + Level 3.4 Shields
 * Level 6.1 Unarmed Combat
 + Level 3.9 Spellcasting
 * Level 5.6 Transmutations
 + Level 0.0 Ice Magic
 + Level 0.0 Poison Magic


You had one spell level left.
You knew the following spells:

 Your Spells              Type           Power        Failure   Level  Hunger
a - Beastly Appendage     Tmut           ###...       1%          1    None
b - Sticks to Snakes      Tmut           ###.....     2%          2    ##.....
c - Spider Form           Tmut/Pois      ##........   19%         3    ###....
d - Ice Form              Ice/Tmut       ##......     52%         4    ####...


Dungeon Overview and Level Annotations

Branches:
Dungeon (1/1)

Altars:
Ashenzari
Cheibriados
Dithmenos
Elyvilon
Fedhas
Gozag
Hepliaklqana
Kikubaaqudgha
Makhleb
Nemelex Xobeh
Okawaru
Qazlal
Ru
Sif Muna
Trog
Uskayaw
Vehumet
Wu Jian
Xom
Yredelemnul
Zin
The Shining One
Beogh
Jiyva
Lugonu

Annotations:
D 1 transporter


Innate Abilities, Weirdness & Mutations

((Your plain brown scales are hard. (AC +5)))
You cannot fit into any form of body armour.
((You are cold-blooded and may be slowed by cold attacks.))


Message History

The merfolk hits you with a trident!
The merfolk hits your adder with a trident!!
Your adder dies!
You spin and attack the merfolk.
You pummel the merfolk!! You freeze the merfolk.
The merfolk is severely wounded.
The merfolk hits you with a trident!! The merfolk hits you with a trident.
The merfolk barely misses you.
The merfolk hits you from afar with a trident!
Unknown command.
You spin and attack the merfolk.
You pummel the merfolk!! You freeze the merfolk.
The merfolk is heavily wounded.
The merfolk hits you from afar with a trident!!
* * * LOW HITPOINT WARNING * * *
Unknown command.
You spin and attack the merfolk.
You closely miss the merfolk.
The merfolk is heavily wounded.
The merfolk hits you from afar with a trident!!
You die...

▓▓▓▓▓▓▓▓▓▓▓▓▓▓▓▓▓▓▓
▓.8©8.▓.8©8.▓.8©8.▓
▓.|[=.▓..}..▓..=..▓
▓..m..▓.....▓.....▓
▓..mm.▓.....▓.....▓
▓..m.Y▓.....▓.....▓
▓.....▓.....▓..©..▓
▓..©..▓..©..▓▓▓▓▓▓▓
▓▓▓▓▓▓▓▓▓▓▓▓▓


You could see 4 merfolk.

Vanquished Creatures
  A phantom (D)
  A necrophage (D)
  A shadow imp (D)
  An ufetubus (D)
  An adder zombie (D)
5 creatures vanquished.

Notes
Turn   | Place    | Note
-------+----------+-------------------------------------------
     0 | D        | Found the +6 Majin-Bo {vamp, Archmagi MP+6 Int+6}
     0 | D        | Found the +7 great mace "Firestarter" {inner flame, rF++}
     0 | D        | Kidiri the Draconian Transmuter began the quest for the Orb.
     0 | D        | Reached XP level 1. HP: 16/16 MP: 3/3
     0 | D        | Found a deep blue altar of Sif Muna.
     0 | D        | Found a bloodstained altar of Trog.
     0 | D        | Found a sacrificial altar of Ru.
     0 | D        | Found a stormy altar of Qazlal.
     0 | D        | Found an iron altar of Okawaru.
     1 | D        | Found a sparkling altar of Nemelex Xobeh.
     1 | D        | Found a blossoming altar of Fedhas.
     3 | D        | Found a transporter.
     3 | D        | Found an ancient bone altar of Kikubaaqudgha.
     3 | D        | Found a viscous altar of Jiyva.
     3 | D        | Found a corrupted altar of Lugonu.
     3 | D        | Found a hazy altar of Hepliaklqana.
     3 | D        | Found a burning altar of Makhleb.
     3 | D        | Found an opulent altar of Gozag.
    14 | D        | Found the +9 heavy crossbow "Sniper" {velocity, Acc+∞ SInv}
    14 | D        | Found the +10 dark maul {crush}
    14 | D        | Found the +15 Maxwell's patent armour {-Cast -Tele rElec MR+ rCorr}
    14 | D        | Found the +18 shield of the Gong {rElec rN+ MR+ EV-5}
    14 | D        | Found the cursed +14 obsidian axe {chop, +Fly SInv *Curse}
    50 | D        | Became a worshipper of the Wu Jian Council
    51 | D        | Reached skill level 4 in Unarmed Combat
    51 | D        | Reached XP level 2. HP: 27/27 MP: 3/5
    55 | D        | Learned a level 2 spell: Sticks to Snakes
    75 | D        | Entered arena 2.
    75 | D        | Found a transporter.
   211 | D        | Entered arena 3.
   211 | D        | Noticed a necrophage
   211 | D        | Noticed a phantom
   211 | D        | Found a transporter.
   217 | D        | Reached * piety under Wu Jian
   220 | D        | Killed a necrophage
   220 | D        | Reached skill level 5 in Fighting
   220 | D        | Reached skill level 5 in Unarmed Combat
   220 | D        | Reached XP level 3. HP: 18/35 MP: 1/7
   220 | D        | Reached XP level 4. HP: 21/41 MP: 1/9
   237 | D        | Killed a phantom
   237 | D        | Reached ** piety under Wu Jian
   237 | D        | Reached skill level 6 in Unarmed Combat
   237 | D        | Reached skill level 5 in Transmutations
   237 | D        | Reached XP level 5. HP: 17/49 MP: 1/10
   242 | D        | Learned a level 3 spell: Spider Form
   247 | D        | Learned a level 4 spell: Ice Form
   254 | D        | Got the ring "Sauzoyss" {Ice rElec}
   520 | D        | Entered arena 4.
   520 | D        | Noticed a merfolk
   520 | D        | Noticed a merfolk
   520 | D        | Noticed a merfolk
   520 | D        | Noticed a merfolk
   520 | D        | Found a transporter.
   527 | D        | Slain by a merfolk

Vault maps used:
D:        sprint_v

Skill      XL: |  1  2  3  4 |
---------------+-------------+-----
Fighting       | 3 5 |  5.9
Dodging        | 2 3 |  3.8
Stealth        | 2 3 |  3.4
Shields        | 2 3 |  3.4
Unarmed Combat | 4 5 6 |  6.1
Transmutations | 3 4 5 |  5.6
Spellcasting   | 3 |  3.9

Action                   |  1- 3 |  4- 6 || total
-------------------------+-------+-------++-------
Melee: Unarmed           |    12 |    13 ||    25
       Kick              |     2 |     4 ||     6
       Tailslap          |     2 |     2 ||     4
       Headbutt          |     1 |       ||     1
 Cast: Sticks to Snakes  |     3 |     2 ||     5
       Beastly Appendage |     2 |       ||     2
       Ice Form          |       |     1 ||     1
  Use: Potion            |     1 |     1 ||     2
 Stab: Distracted        |       |     1 ||     1
Armor: Skin              |     7 |     2 ||     9
Dodge: Dodged            |    12 |     8 ||    20

Table legend:
 A = Spawn XP
 B = Non-spawn XP
 C = Spawn XP percentage of total XP
 D = Spawn monster count
 E = Non-spawn monster count
 F = Spawn count percentage of total count
 G = Total turns spent on level
                    A         B        C        D         E        F      G
               +---------+---------+-------+---------+---------+-------+---------
         Total |       0 |     254 |   0.0 |       0 |       5 |   0.0 |   527
               +---------+---------+-------+---------+---------+-------+---------
             D |       0 |     254 |   0.0 |       0 |       5 |   0.0 |   527
               +---------+---------+-------+---------+---------+-------+---------
